 Dungeon Crawl Stone Soup version 0.22.1-1-ga44c0e56f4 (webtiles) character file.

128 Peloso the Shield-Bearer (level 4, -2/40 HPs)
             Began as a Minotaur Fighter on Nov 5, 2018.
             Slain by Menkaure (12 damage)
             ... on level 4 of the Dungeon.
             The game lasted 00:03:27 (2035 turns).

Peloso the Shield-Bearer (Minotaur Fighter)         Turns: 2035, Time: 00:03:28

Health: -2/40      AC:  8    Str: 21    XL:     4   Next: 86%
Magic:  3/3        EV:  8    Int:  5    God:
Gold:   173        SH:  9    Dex: 10    Spells: 3/3 levels left

rFire    . . .     SeeInvis .   a - +0 long sword
rCold    . . .     Gourm    .   c - +0 shield
rNeg     . . .     Faith    .   b - +0 scale mail
rPois    .         Spirit   .   (helmet restricted)
rElec    .         Reflect  .   m - +0 cloak
rCorr    .         Harm     .   (no gloves)
MR       .....                  (no boots)
Stlth    ..........             (no amulet)
HPRegen  0.13/turn              (no ring)
MPRegen  0.08/turn              (no ring)

@: no status effects
A: retaliatory headbutt, horns 2
a: no special abilities


You were on level 4 of the Dungeon.
You were hungry.

You visited 1 branch of the dungeon, and saw 4 of its levels.

You collected 173 gold pieces.

Inventory:

Hand Weapons
 a - a +0 long sword (weapon)
Armour
 b - a +0 scale mail (worn)
 c - a +0 shield (worn)
 m - a +0 cloak (worn)
Scrolls
 e - 4 scrolls of remove curse {unknown}
 h - 2 scrolls of enchant armour {unknown}
 k - a scroll of fog {unknown}
 n - 2 scrolls of teleportation {unknown}
 p - a scroll of noise {unknown}
 q - 2 scrolls of identify {unknown}
Potions
 d - a potion of might
 g - 3 potions of haste {unknown}
 i - a potion of degeneration {unknown}
 j - 4 potions of curing {unknown}
 l - 2 potions of lignification {unknown}
 o - a potion of magic {unknown}
 r - a potion of mutation {unknown}
 s - a potion of resistance {unknown}
Comestibles
 f - 8 rations


   Skills:
 + Level 3.9 Fighting
 + Level 3.7 Long Blades
 + Level 4.4 Armour
 + Level 2.2 Dodging
 + Level 0.1 Stealth
 + Level 4.5 Shields


You had 3 spell levels left.
You didn't know any spells.
Your spell library was empty.

Dungeon Overview and Level Annotations

Branches:
Dungeon (4/15)
 Temple: D:4-7

Altars:

Annotations:
D:4 Menkaure


Innate Abilities, Weirdness & Mutations

You reflexively headbutt those who attack you in melee.
You have a pair of horns on your head.


Message History

Menkaure seems to speed up.
Your shield and scale mail prevent you from hitting Menkaure.
Menkaure is lightly damaged.
Menkaure casts a spell at you.
You barely resist.
Your scale mail prevents you from hitting Menkaure.
Menkaure is lightly damaged.
Menkaure hits you. Menkaure hits you!
You hit Menkaure but do no damage.
Menkaure is lightly damaged.
Menkaure hums a few words.
Menkaure hits you.
You hit Menkaure. You headbutt Menkaure.
Menkaure is heavily damaged.
You block Menkaure's attack. Menkaure hits you!
* * * LOW HITPOINT WARNING * * *
You barely miss Menkaure.
Menkaure is heavily damaged.
Menkaure hits you!
You die...

... ...> #.# .....
## #.###.....
.....####.........
........<.......
#.#.####.>####...
#.!....<........
######.†...###..
#@###.# #M# ...
#S# .### #.. .#
###


You could see Menkaure and an adder.

Vanquished Creatures
  A worker ant (D:3)
  3 adders
  An ooze (D:2)
  A worm (D:3)
  A dart slug (D:1)
  A leopard gecko (D:3)
  3 orcs (D:3)
  2 giant cockroaches
  8 goblins
  6 hobgoblins
  10 jackals
  7 kobolds
  2 quokkas
  7 bats
  2 frilled lizards (D:3)
  5 rats
60 creatures vanquished.

Notes
Turn   | Place    | Note
-------+----------+-------------------------------------------
     0 | D:1      | Peloso the Minotaur Fighter began the quest for the Orb.
     0 | D:1      | Reached XP level 1. HP: 19/19 MP: 0/0
    87 | D:1      | Reached XP level 2. HP: 15/27 MP: 1/1
   684 | D:2      | Reached XP level 3. HP: 30/33 MP: 2/2
   982 | D:2      | Reached skill level 1 in Dodging
  1253 | D:3      | Reached XP level 4. HP: 40/40 MP: 3/3
  1495 | D:3      | Found a faded altar of an unknown god.
  2027 | D:4      | Noticed Menkaure
  2035 | D:4      | Slain by Menkaure

Skill      XL: |  1  2  3  4 |
---------------+-------------+-----
Armour         | 4 |  4.4
Shields        | 4 |  4.5
Long Blades    | 3 |  3.7
Dodging        | 1 2 |  2.2
Fighting       | |  3.9
Stealth        | |  0.1

Action                   |  1- 3 |  4- 6 || total
-------------------------+-------+-------++-------
Melee: Long sword        |    73 |    61 ||   134
       Headbutt          |     4 |     7 ||    11
  Eat: Chunk             |     1 |     2 ||     3
Armor: Scale mail        |    49 |    25 ||    74
Dodge: Dodged            |    43 |    23 ||    66
Block: Shield            |    61 |    27 ||    88
       Rpst.: Long sword |    10 |     8 ||    18
